Map: Dusk Towers

Players

MarineLorD - Winner!

  • Race: Terran Terran
  • League: Master

Elroye

  • Race: Zerg Zerg

Event: DreamHack ZOWIE Open Leipzig

VOD

Have the link to the VOD?

Description

Time

  • Played on: Jan. 22, 2016, 10:08 a.m.
  • Length: 3:48

All games in this series

Show
View Real Time Build Order
Export as new Build Order

MarineLorD Terran - Winner!

Build Orders:  

Get SALT Encoding   

  12  0:00  SCV  
  13  0:13  Supply Depot  
  13  0:20  Refinery  
  13  0:37  Barracks  
  13  0:56  Barracks  
  13  1:00  SCV  
  14  1:12  SCV  
  16  1:25  Reaper  
  16  1:31  Orbital Command  
  16  1:43  Reaper  
  17  1:57  Reaper, Bunker  
  17  1:59  SCV  
  19  2:11  SCV  
  20  2:15  Reaper  
  21  2:23  SCV, Bunker  
  21  2:29  Reaper  
  23  2:46  Supply Depot x2, SCV  
  23  2:53  Reaper  
  23  3:08  SCV, Reaper  
  18  3:20  SCV  
  17  3:32  SCV  
Show
View Real Time Build Order
Export as new Build Order

Elroye Zerg 

Build Orders: Hatch First 

Get SALT Encoding   

  12  0:00  Drone  
  13  0:13  Overlord  
  13  0:17  Drone  
  14  0:31  Drone  
  14  0:32  Drone  
  17  0:35  Drone  
  17  0:56  Drone  
  18  1:01  Hatchery  
  17  1:09  Spawning Pool  
  16  1:12  Drone  
  16  1:15  Drone  
  18  1:21  Extractor  
  18  1:24  Drone  
  18  1:30  Drone  
  19  1:45  Overlord  
  19  1:56  Queen, Zergling x2  
  22  2:03  Zergling x2  
  23  2:14  Roach Warren  
  23  2:15  Zergling x2  
  21  2:23  Zergling x2  
  22  2:32  Queen  
  22  2:34  Queen  
  27  2:37  Zergling x4  
  27  2:39  Zergling x2  
  29  2:48  Zergling x4  
  30  2:58  Roach  
  30  3:00  Roach  
  27  3:12  Roach  
  23  3:20  Roach  

Tags
 
Add a new tag
Caveats
  • Supply blocks, unpowered buildings, or Contaminate may cause inaccurate times.
  • Supply counts are checked every 10 seconds.